Map: Nefor I

Players

HAJPER

  • Race: Terran Terran
  • Spawn Location: 7:00

Retsech

  • Race: Terran Terran
  • Spawn Location: 6:00

Gracz

  • Race: Terran Terran
  • Spawn Location: 7:00

SI 3 (Trudna) - Winner!

  • Race: Zerg Zerg
  • Spawn Location: 1:00

SI 4 (Trudna) - Winner!

  • Race: Terran Terran
  • Spawn Location: 1:00

SI 5 (Trudna) - Winner!

  • Race: Terran Terran
  • Spawn Location: 12:00

VOD

Have the link to the VOD?

Description

Time

  • Played on: Feb. 19, 2016, 4:36 p.m.
  • Length: 33:05
Show
View Real Time Build Order
Export as new Build Order

HAJPER Terran 

Build Orders: Reaper Expand 

Get SALT Encoding   

  12  0:03  SCV  
  13  0:15  SCV  
  14  0:24  Supply Depot  
  14  0:49  Barracks  
  14  0:58  Supply Depot  
  14  1:29  Command Center  
  14  1:45  Refinery  
  14  1:46  SCV  
  15  1:47  Refinery  
  15  1:59  SCV  
  16  2:11  SCV  
  17  2:34  SCV  
  18  2:46  SCV  
  18  2:49  Factory  
  19  3:18  Reaper  
  20  3:39  Factory  
  20  3:45  SCV  
  21  3:50  Reaper  
  22  3:57  SCV  
  22  3:58  Barracks  
  22  3:59  SCV  
  24  4:09  SCV  
  25  4:11  SCV  
  26  4:21  SCV  
  26  4:22  Reaper  
  26  4:23  SCV  
  29  4:34  SCV  
  29  4:35  SCV  
  31  4:40  Factory Tech Lab x2  
  31  4:47  SCV  
  31  4:48  SCV  
  33  4:56  Barracks Reactor  
  33  4:57  Barracks Reactor  
  33  5:00  SCV  
  33  5:01  Orbital Command  
  34  5:10  Refinery  
  34  5:13  SCV  
  35  5:18  Siege Tank x2  
  41  5:25  SCV  
  42  5:37  Supply Depot, SCV  
  42  5:40  Supply Depot  
  43  5:49  SCV  
  44  5:50  Barracks x2  
  44  5:59  Reaper x4  
  48  6:08  Refinery, SCV  
  49  6:14  SCV  
  50  6:20  SCV  
  51  6:26  SCV  
  51  6:31  Reaper x3  
  51  6:32  SCV  
  56  6:39  SCV  
  57  6:44  SCV  
  58  6:51  SCV  
  53  6:56  SCV  
  52  7:03  SCV  
  52  7:11  Barracks Reactor x2  
  52  7:14  Reaper  
  52  7:15  Reaper x3  
  51  7:46  Reaper  
  51  7:47  Reaper x3  
  55  7:52  Reaper x2  
  55  7:53  Reaper x2  
  57  8:18  Reaper  
  57  8:19  Reaper x2  
  60  8:24  Reaper  
  60  8:25  Reaper x2  
  62  8:42  Reaper x2  
  64  8:50  Reaper  
  64  8:51  Reaper x2  
  67  8:56  Reaper  
  67  8:57  Reaper x2  
  70  9:04  Engineering Bay  
  70  9:23  Reaper  
  71  9:25  Supply Depot  
  71  9:33  Reaper x4  
  71  9:34  Reaper  
  76  9:45  Reaper x2  
  77  9:48  Supply Depot  
  78  9:55  Reaper  
  79  10:05  Reaper x3  
  79  10:06  Reaper x2  
  84  10:17  Reaper x2  
  86  10:27  Reaper  
  87  10:37  Reaper  
  87  10:38  Reaper x4  
  92  10:45  Terran Infantry Weapons Level 1  
  92  10:49  Reaper  
  94  10:50  Reaper  
  94  10:59  Reaper  
  84  11:09  Reaper  
  84  11:10  Reaper x4  
  77  11:21  Reaper  
  77  11:22  Reaper  
  72  11:38  Marine  
  71  11:41  Marine  
  71  11:42  Marine x4  
  76  11:53  Marine x2  
  78  11:56  Marine, Command Center  
  78  11:59  Marine x5  
  84  12:11  Marine x2  
  84  12:13  Marine  
  87  12:17  Marine x5  
  92  12:29  Marine x2  
  94  12:31  Marine  
  95  12:45  Marine x5  
  95  12:50  Supply Depot  
  100  13:14  Supply Depot  
  100  13:23  Marine x3  
  100  13:24  Marine x5  
  108  13:37  Supply Depot  
  108  13:40  Marine  
  109  13:41  Marine x4  
  109  13:42  Marine x3  
  116  13:58  Marine  
  116  13:59  Marine x5  
  116  14:00  Marine x2  
  124  14:16  Marine  
  125  14:17  Marine x5  
  125  14:18  Marine x2  
  94  14:34  Marine  
  94  14:35  Marine x7  
  85  14:45  Siege Tank x2  
  30  15:17  Siege Tank x2  
  36  15:27  Reaper  
  36  15:28  Reaper x7  
  44  15:49  Siege Tank, Orbital Command  
  47  15:59  Reaper  
  47  16:00  Reaper x7  
  55  16:05  Hellion  
  57  16:21  Siege Tank  
  60  16:26  Hellion  
  60  16:31  Reaper  
  60  16:32  Reaper x2  
  65  16:48  Hellion  
  65  16:53  Siege Tank  
  70  17:03  Orbital Command  
  70  17:09  Hellion  
  72  17:25  Siege Tank  
  72  17:29  Refinery  
  75  17:30  Refinery  
  75  17:31  Hellion  
  75  17:35  Marine x8  
  85  17:52  Marine  
  85  17:53  Marine x7  
  85  17:57  Siege Tank  
  90  18:10  Marine  
  90  18:11  Marine x7  
  52  18:28  Marine  
  52  18:29  Marine x6  
  59  18:40  Orbital Command  
  29  19:29  Command Center  
  29  19:34  Reaper  
  29  19:35  Reaper x3  
    25:37  SCV  
  1  31:10  Command Center  
Show
View Real Time Build Order
Export as new Build Order

Retsech Terran 

Build Orders:  

Get SALT Encoding   

  12  1:57  Supply Depot  
  12  1:58  Supply Depot  
  12  1:59  Supply Depot x2  
  12  2:37  Barracks  
  12  2:39  Barracks  
  12  2:40  Barracks x2  
  12  2:41  Barracks  
  12  2:45  Barracks  
  12  2:47  Barracks x2  
  12  3:09  Refinery  
  12  3:10  SCV  
  13  3:13  Refinery  
  13  3:28  SCV  
  14  3:44  SCV  
  15  3:56  SCV  
  16  4:08  SCV  
  17  4:20  SCV  
  18  4:32  SCV  
  18  4:33  Marine x4  
  18  4:34  Marine  
  24  4:45  SCV  
  25  4:57  SCV  
  26  5:05  Marine x3  
  26  5:06  Marine x4  
  33  5:09  SCV  
  34  5:22  Marine  
  34  5:23  Marine x4  
  34  5:24  Marine x3  
  42  5:40  Marine  
  42  5:41  Marine x2  
  45  5:49  Marine x2  
  47  5:58  Orbital Command  
  47  6:26  Supply Depot x2  
  47  6:28  Supply Depot x2  
  47  6:30  Supply Depot  
  47  6:31  Marine x4, Supply Depot  
  52  6:43  Barracks Tech Lab  
  52  6:44  Barracks Tech Lab  
  50  6:58  Marine x4  
  50  6:59  Marine x2  
  43  7:15  Marine x2  
  35  7:16  Marine x4  
  32  7:26  Marine x2  
  30  7:32  Marine  
  28  7:42  Marine x3  
  28  7:43  Marine x2  
  28  8:01  Marine  
  28  8:04  Combat Shields  
  29  8:11  Stimpack  
  23  8:26  Marine  
  23  8:27  Marine x7  
  30  9:17  Marine x4  
  30  9:18  Marine x4  
  30  9:23  Concussive Shells  
  38  9:35  Marine x5  
  38  9:36  Marine x3  
  46  9:53  Marine x6  
  46  9:54  Marine x2  
  54  10:10  Marine  
  54  10:11  Marine x6  
  54  10:12  Marine  
  62  10:28  Marine x2  
  62  10:29  Marine x6  
  70  10:46  Marine x3  
  70  10:47  Marine x5  
  78  11:04  Marine x5  
  78  11:05  Marine x3  
  81  11:22  Marine  
  81  11:27  Marine x3  
  81  11:28  Marine x4  
  88  11:39  Marine  
  88  11:45  Marine x4  
  88  11:46  Marine x3  
  91  11:57  Marine  
  92  12:03  Marine x5  
  92  12:04  Marine  
  98  12:24  Marine x2  
  98  12:25  Marine x4  
  104  12:40  Marine x2  
  104  12:42  Marine  
  107  12:45  Marine  
  108  13:28  Marine x4  
  108  13:29  Marine x4  
  47  15:41  Marine x4  
  47  15:42  Marine x4  
  55  15:59  Marine  
  56  17:20  Orbital Command  
  22  19:14  Orbital Command  
    23:17  Orbital Command  
    23:59  SCV  
  1  24:17  Command Center  
  1  26:28  Orbital Command  
  1  30:31  Command Center  
Show
View Real Time Build Order
Export as new Build Order

Gracz Terran 

Build Orders:  

Get SALT Encoding   

  12  0:05  SCV  
  13  0:20  SCV  
  14  0:33  SCV  
  15  0:43  Refinery x2  
  15  0:54  Supply Depot  
  15  1:15  SCV  
  16  1:27  SCV  
  17  1:39  SCV  
  18  1:40  Supply Depot  
  18  1:52  SCV  
  19  2:04  SCV  
  20  2:12  Supply Depot  
  20  2:16  SCV  
  21  2:28  SCV  
  22  2:40  SCV  
  22  2:42  Supply Depot  
  23  2:49  Barracks  
  23  3:42  Barracks Tech Lab, Barracks  
  23  4:13  Orbital Command  
  23  4:20  Command Center  
  23  4:32  Reaper  
  23  4:35  Barracks Reactor  
  24  4:41  Barracks  
  24  5:04  Reaper  
  25  5:38  SCV  
  26  5:45  Refinery  
  26  5:50  SCV  
  27  6:02  SCV  
  28  6:07  Refinery  
  28  6:11  Barracks Reactor  
  28  6:14  SCV  
  29  6:26  SCV  
  30  6:39  SCV  
  31  6:48  Reaper x2  
  31  6:49  Reaper x2  
  31  6:51  SCV  
  31  6:52  Marauder  
  38  7:03  SCV  
  39  7:12  Factory  
  39  7:15  SCV  
  40  7:17  Factory  
  40  7:20  Reaper  
  40  7:21  Marine x2, Reaper  
  35  7:49  Marine x2  
  36  7:52  Marine x2  
  34  8:54  Factory Tech Lab  
  34  8:57  Factory, Factory Reactor  
  34  9:15  Starport  
  34  9:24  SCV  
  35  9:31  Marauder  
  35  9:33  Reaper x2  
  35  9:34  Reaper x2  
  35  9:36  SCV  
  42  9:42  Factory Reactor  
  42  9:48  SCV  
  42  9:50  Starport  
  43  9:53  Marauder  
  45  10:00  SCV  
  45  10:03  Starport Reactor  
  45  10:05  Reaper x2  
  45  10:06  Reaper x2  
  50  10:08  Fusion Core  
  50  10:14  Marauder  
  52  10:35  Supply Depot, Reaper  
  53  10:37  Reaper x2  
  53  10:39  Starport Tech Lab  
  53  10:40  Starport  
  55  10:52  Medivac  
  55  10:53  Medivac  
  59  10:57  Reaper x2  
  61  11:07  Reaper  
  61  11:09  Reaper  
  61  11:10  Reaper  
  64  11:23  Weapon Refit  
  64  11:29  Reaper x2  
  66  11:39  Reaper  
  60  11:41  Reaper  
  60  11:42  Reaper  
  56  12:01  Reaper x2  
  56  12:06  Behemoth Reactor  
  58  12:12  Reaper  
  58  12:14  Reaper x2  
  61  12:23  Medivac x2  
  65  12:33  Reaper x2  
  67  12:44  Reaper  
  68  13:12  Starport Tech Lab  
  68  13:13  Starport  
  68  13:14  Battlecruiser  
  74  13:21  Medivac x2  
  78  13:51  Medivac x2  
  82  14:16  Battlecruiser  
  88  14:17  Starport Tech Lab  
  76  15:08  Battlecruiser  
  76  15:11  Medivac x2  
  75  15:31  Battlecruiser  
  75  15:55  Battlecruiser  
  81  16:13  Starport  
  81  16:19  Command Center  
  81  16:34  Medivac x2  
  81  16:35  Battlecruiser  
  91  17:39  Command Center  
  53  18:29  Battlecruiser  
  53  18:31  Starport Tech Lab  
  53  18:33  Supply Depot  
  52  18:47  Medivac  
  13  19:59  Starport  
  13  20:04  Starport  
  13  20:45  Factory  
  11  20:59  Factory x2  
Show
View Real Time Build Order
Export as new Build Order

SI 3 (Trudna) Zerg - Winner!

Build Orders: Pool First 

Get SALT Encoding   

  12  0:01  Drone  
  13  0:13  Overlord  
  13  0:18  Drone  
  14  0:31  Drone  
  14  0:32  Drone  
  16  0:43  Spawning Pool  
  16  0:45  Drone  
  16  0:50  Drone  
  16  0:52  Extractor  
  16  0:56  Drone  
  17  1:06  Overlord  
  17  1:31  Zergling x2, Queen  
  20  1:39  Roach Warren, Drone  
  20  1:40  Extractor  
  20  1:44  Zergling x2  
  20  1:49  Drone  
  21  2:00  Drone  
  22  2:10  Overlord  
  22  2:21  Drone  
  23  2:32  Roach, Lair  
  25  2:37  Drone  
  26  2:45  Roach  
  28  2:53  Overlord  
  28  2:57  Roach  
  30  3:09  Roach  
  32  3:21  Roach  
  34  3:32  Hydralisk Den, Drone  
  34  3:33  Roach  
  36  3:38  Overlord  
  36  3:58  Drone  
  36  4:00  Hydralisk  
  36  4:02  Drone  
  40  4:06  Drone  
  41  4:12  Drone  
  41  4:13  Hydralisk  
  44  4:17  Overlord  
  44  4:21  Drone  
  46  4:24  Drone  
  46  4:34  Hydralisk, Baneling Nest  
  47  4:42  Evolution Chamber  
  47  4:44  Drone  
  47  4:46  Hydralisk, Drone  
  50  5:22  Zergling x2  
  50  6:18  Zerg Melee Weapons Level 1  
  50  6:19  Queen, Overseer, Muscular Augments  
  50  6:20  Evolution Chamber, Drone  
  50  6:23  Overseer, Spore Crawler  
  50  6:24  Drone  
  52  6:27  Hatchery, Spore Crawler  
  52  6:28  Drone  
  52  6:29  Drone  
  52  6:45  Drone, Infestation Pit, Zerg Missile Weapons Level 1  
  52  6:53  Spine Crawler  
  51  6:54  Drone  
  51  6:55  Spine Crawler  
  51  6:56  Burrow, Drone  
  51  7:08  Zergling x2  
  51  7:21  Spire  
  46  7:36  Hydralisk  
  46  7:40  Drone  
  46  7:42  Drone  
  46  7:43  Drone, Spore Crawler  
  48  7:45  Drone  
  48  7:46  Drone  
  48  7:47  Spore Crawler  
  48  7:49  Drone  
  50  7:52  Spore Crawler  
  50  7:55  Drone  
  50  7:59  Drone  
  50  8:01  Drone  
  50  8:05  Drone  
  53  8:07  Drone  
  53  8:10  Drone  
  53  8:11  Roach  
  53  8:12  Zerg Ground Armor Level 1, Drone  
  56  8:14  Drone  
  56  8:17  Drone  
  56  8:18  Roach  
  54  8:21  Drone  
  54  8:25  Hydralisk  
  53  8:27  Drone  
  53  8:33  Drone  
  51  8:35  Drone  
  51  8:36  Roach, Drone  
  53  8:42  Drone  
  53  8:47  Drone  
  55  8:49  Roach  
  55  8:51  Overlord  
  57  8:58  Hydralisk  
  59  9:04  Spine Crawler  
  59  9:09  Hydralisk  
  61  9:10  Spine Crawler, Overlord, Drone  
  61  9:12  Drone  
  61  9:16  Queen  
  63  9:19  Ravager  
  63  9:20  Roach  
  66  9:30  Roach  
  68  9:39  Extractor  
  68  9:40  Roach  
  69  9:46  Extractor  
  69  9:49  Ravager  
  69  9:50  Roach  
  71  10:00  Roach, Ravager  
  74  10:08  Drone, Overlord  
  75  10:34  Roach, Pneumatized Carapace  
  77  10:35  Overseer  
  77  10:36  Overlord  
  77  10:38  Roach, Hatchery  
  77  10:42  Zerg Melee Weapons Level 2  
  80  10:43  Roach  
  80  10:47  Roach  
  82  10:51  Roach  
  82  10:55  Overlord  
  82  10:56  Roach  
  86  10:59  Hydralisk  
  88  11:04  Hydralisk  
  88  11:09  Infestor  
  88  11:10  Zerg Ground Armor Level 2  
  92  11:24  Roach  
  92  11:31  Pathogen Glands  
  92  11:36  Hydralisk  
  91  11:41  Zergling x2  
  91  11:46  Roach, Overseer  
  84  11:50  Hydralisk  
  84  11:51  Drone  
  84  11:52  Overseer  
  84  11:53  Drone  
  75  11:55  Roach, Drone  
  75  11:56  Drone  
  75  11:58  Extractor, Drone  
  75  11:59  Drone  
  75  12:00  Roach  
  82  12:01  Drone, Spore Crawler  
  82  12:04  Overlord, Drone  
  82  12:05  Roach, Drone  
  82  12:06  Spore Crawler  
  82  12:07  Drone  
  86  12:08  Extractor  
  86  12:09  Hydralisk, Drone  
  86  12:10  Drone  
  86  12:12  Drone  
  86  12:13  Hydralisk, Drone  
  86  12:15  Drone  
  94  12:16  Drone  
  94  12:18  Glial Reconstitution  
  94  12:22  Drone  
  96  12:24  Overlord  
  96  12:27  Zerg Flyer Weapons Level 1, Drone  
  97  12:31  Drone  
  97  12:33  Drone  
  97  12:34  Drone  
  97  12:36  Drone  
  101  12:43  Overlord  
  101  12:47  Spine Crawler  
  101  12:48  Drone  
  101  12:52  Spine Crawler  
  101  12:53  Drone  
  101  12:56  Spine Crawler  
  101  12:57  Zerg Missile Weapons Level 2, Drone  
  101  12:59  Queen  
  103  13:37  Hive  
  103  13:43  Overseer, Overlord  
  103  14:01  Infestor  
  105  14:04  Overlord  
  105  14:06  Hatchery  
  105  14:07  Infestor  
  106  14:12  Infestor  
  108  14:24  Overlord  
  108  14:44  Overlord  
  108  14:50  Viper x2, Zergling x2  
  114  14:56  Ultralisk Cavern  
  114  14:57  Roach, Greater Spire  
  114  14:58  Roach  
  113  15:03  Roach, Overlord  
  113  15:19  Roach  
  99  15:22  Drone  
  99  15:24  Roach, Drone  
  89  15:28  Extractor  
  89  15:29  Roach, Overseer, Overlord  
  89  15:30  Overseer, Extractor  
  89  15:34  Roach  
  91  15:38  Hydralisk  
  93  15:44  Roach  
  93  15:49  Hydralisk, Overlord  
  95  15:55  Hydralisk  
  99  16:01  Roach  
  101  16:06  Roach, Spore Crawler  
  101  16:08  Overlord  
  101  16:09  Zerg Flyer Armor Level 1  
  101  16:10  Spore Crawler  
  101  16:11  Roach  
  103  16:15  Hydralisk  
  105  16:21  Hydralisk  
  107  16:26  Hydralisk  
  107  16:27  Overlord  
  107  16:28  Drone  
  107  16:29  Queen  
  107  16:30  Drone  
  107  16:31  Zerg Melee Weapons Level 3, Infestor  
  116  16:32  Drone  
  116  16:34  Drone  
  116  16:37  Spine Crawler, Ultralisk  
  122  16:40  Neural Parasite, Drone  
  122  16:43  Ultralisk  
  122  16:46  Spine Crawler  
  128  16:48  Overlord, Ultralisk  
  128  16:49  Drone  
  135  17:00  Zerg Ground Armor Level 3  
  135  17:09  Overlord  
  135  17:21  Chitinous Plating  
  135  17:30  Tunneling Claws  
  135  18:03  Zerg Flyer Weapons Level 2  
  135  18:10  Roach  
  132  18:15  Zergling x2  
  132  18:19  Ultralisk  
  133  18:21  Roach  
  135  18:39  Overlord, Ultralisk  
  141  18:45  Ultralisk  
  147  18:54  Hatchery  
  146  18:57  Overlord, Ultralisk  
  146  18:58  Drone  
  147  19:03  Roach  
  147  19:09  Ultralisk  
  125  19:15  Hydralisk  
  115  19:22  Hydralisk  
  115  19:29  Hydralisk  
  117  19:36  Ultralisk  
  123  19:43  Ultralisk  
  123  19:44  Zerg Missile Weapons Level 3  
  129  19:49  Hydralisk  
  131  19:55  Hydralisk  
  133  20:02  Hydralisk  
  135  20:09  Queen  
  137  20:19  Zerg Flyer Armor Level 2  
  137  20:37  Extractor  
  137  20:40  Drone  
  137  20:43  Spore Crawler  
  137  20:45  Drone  
  137  20:51  Spore Crawler  
  137  20:52  Drone  
  137  20:54  Spire  
  137  20:55  Drone  
  137  20:56  Extractor  
  136  20:58  Drone  
  137  21:20  Spine Crawler, Drone  
  137  21:24  Spine Crawler  
  137  21:25  Drone  
  137  22:06  Zerg Flyer Weapons Level 3  
  137  22:36  Zerg Flyer Armor Level 3  
  137  23:36  Hatchery  
  137  23:39  Drone  
  137  24:49  Queen  
  139  25:02  Extractor  
  139  25:04  Drone  
  139  25:14  Spore Crawler  
  139  25:15  Drone  
  139  25:23  Spore Crawler  
  139  25:24  Extractor, Drone  
  139  25:26  Drone  
  139  25:44  Mutalisk  
  141  25:51  Mutalisk  
  141  25:52  Spine Crawler  
  141  25:54  Drone  
  143  25:58  Mutalisk  
  143  26:03  Spine Crawler  
  144  26:04  Corruptor  
  144  26:05  Drone  
  147  26:11  Mutalisk  
  147  26:18  Mutalisk  
  149  26:24  Mutalisk  
  153  26:31  Corruptor  
  155  26:42  Brood Lord, Corruptor  
  159  27:10  Brood Lord, Corruptor  
  163  27:21  Brood Lord, Overlord, Corruptor  
  167  28:01  Hatchery  
  167  28:03  Drone  
  167  29:06  Mutalisk  
  167  29:09  Overlord  
  169  29:12  Mutalisk  
  169  29:16  Queen  
  171  29:17  Mutalisk  
  171  29:23  Mutalisk  
  177  29:24  Extractor  
  177  29:27  Drone  
  177  29:28  Mutalisk  
  179  29:33  Mutalisk, Spore Crawler  
  179  29:35  Drone  
  181  29:38  Corruptor  
  181  29:43  Corruptor  
  185  29:46  Spore Crawler  
  185  29:47  Drone  
  185  29:48  Extractor  
  185  29:50  Drone  
  185  30:14  Spine Crawler  
  184  30:15  Drone  
  185  30:24  Spine Crawler  
  185  30:25  Drone  
  185  30:56  Drone, Hatchery  
  185  32:10  Queen  
  187  32:18  Extractor  
  187  32:19  Drone  
  187  32:28  Spore Crawler  
  187  32:29  Drone  
  187  32:40  Drone, Spore Crawler  
  187  32:59  Hatchery  
Show
View Real Time Build Order
Export as new Build Order

SI 4 (Trudna) Terran - Winner!

Build Orders: MMM Bio 

Get SALT Encoding   

  12  0:01  SCV  
  13  0:13  SCV  
  14  0:20  Supply Depot  
  14  0:25  SCV  
  15  0:41  SCV  
  16  0:45  Barracks  
  16  0:50  Refinery  
  16  0:53  SCV  
  17  1:05  SCV  
  18  1:18  SCV  
  19  1:21  Supply Depot  
  19  1:30  SCV  
  19  1:32  Marine  
  21  1:41  Barracks  
  21  1:44  Orbital Command  
  21  1:49  Refinery  
  21  1:51  Barracks Tech Lab  
  21  2:09  Marine, Supply Depot  
  22  2:26  Marine  
  22  2:29  Marine  
  24  2:44  Marine  
  24  2:45  Supply Depot  
  24  2:47  Marine  
  26  3:03  Marauder  
  26  3:05  Marine  
  29  3:17  Supply Depot  
  29  3:18  SCV  
  30  3:23  Marine  
  30  3:26  Marauder  
  33  3:30  SCV  
  33  3:32  Engineering Bay  
  34  3:41  Marine  
  35  3:42  SCV  
  35  3:47  Marine  
  37  3:54  SCV  
  38  3:58  Marine  
  39  4:05  Marine  
  39  4:06  SCV  
  41  4:18  SCV  
  41  4:24  Marauder  
  44  4:45  Marauder  
  46  5:06  Marauder  
  48  6:14  Barracks Tech Lab  
  48  6:16  Reaper  
  48  6:17  Factory, Terran Infantry Weapons Level 1, Stimpack  
  49  6:20  Factory  
  49  6:24  Supply Depot  
  49  6:26  Missile Turret  
  49  6:27  Command Center  
  49  6:29  Missile Turret  
  49  6:32  Combat Shields, Marauder  
  51  6:33  Barracks  
  51  6:48  Reaper  
  51  6:51  Bunker  
  52  6:55  Marine  
  38  7:03  Factory Tech Lab  
  38  7:07  Starport  
  31  7:11  Starport, Factory Tech Lab  
  31  7:12  Marine  
  32  7:20  Marine  
  32  7:21  Marine  
  34  7:30  Marine  
  35  7:37  Sensor Tower  
  35  7:38  Marine  
  35  7:39  SCV  
  35  7:41  Marine, SCV  
  39  7:48  Marine  
  40  7:51  SCV  
  40  7:52  Refinery  
  40  7:53  SCV  
  40  7:55  Missile Turret, Marine  
  40  7:58  Missile Turret, Starport Tech Lab x2  
  43  8:01  Marine, Refinery  
  43  8:04  SCV  
  46  8:05  SCV  
  46  8:08  Marine  
  46  8:11  Terran Infantry Armor Level 1  
  47  8:15  Marauder  
  47  8:16  SCV  
  47  8:17  SCV, Raven  
  47  8:18  Raven  
  55  8:21  Bunker, Marine  
  56  8:28  Concussive Shells, SCV, Marauder  
  56  8:29  SCV  
  60  8:36  Marauder  
  60  8:40  Armory, SCV  
  63  8:42  SCV  
  63  8:47  Barracks Reactor  
  63  8:49  Marauder  
  63  8:52  SCV  
  63  8:54  SCV  
  67  8:58  Marauder  
  67  9:01  Supply Depot  
  69  9:04  SCV  
  69  9:06  SCV  
  71  9:16  SCV  
  72  9:18  SCV  
  73  9:28  SCV  
  74  10:25  Medivac x2, Siege Tank  
  74  10:26  Terran Infantry Weapons Level 2  
  74  10:27  Terran Vehicle Weapons Level 1  
  74  10:28  Supply Depot  
  81  10:29  Marine  
  81  10:32  Engineering Bay  
  82  10:47  Ghost Academy  
  82  10:48  Command Center  
  82  10:50  Marine  
  82  10:53  Supply Depot  
  82  10:54  Siege Tank, Raven  
  82  10:55  Medivac  
  90  10:58  Cyclone, Terran Infantry Armor Level 2  
  90  11:00  Fusion Core  
  90  11:01  Marine  
  84  11:05  Marine  
  84  11:09  Marine  
  72  11:12  Marine  
  71  11:19  Marine  
  71  11:23  Marine  
  73  11:27  Marauder  
  73  11:30  Marine  
  76  11:37  Marine  
  77  11:41  Marine  
  77  11:44  Armory  
  78  11:48  Marine, Marauder  
  78  11:53  Supply Depot  
  81  11:55  Marine  
  81  11:58  Marine  
  83  12:01  SCV  
  83  12:03  Refinery, SCV  
  83  12:05  SCV  
  86  12:10  Marauder  
  86  12:11  Missile Turret  
  86  12:13  SCV, Marauder  
  91  12:15  Missile Turret  
  91  12:16  SCV  
  91  12:17  SCV  
  91  12:22  Terran Vehicle And Ship Armor Level 1  
  93  12:25  SCV  
  93  12:28  SCV  
  93  12:29  SCV  
  96  12:31  Terran Ship Weapons Level 1, Marauder  
  96  12:35  Marauder  
  100  12:37  Bunker, SCV  
  101  12:52  Command Center  
  101  13:23  Refinery  
  101  14:04  Ghost  
  101  14:07  Marine  
  101  14:08  Refinery  
  101  14:09  Marine, SCV, Terran Infantry Weapons Level 3  
  105  14:10  Refinery, SCV, Terran Infantry Armor Level 3  
  105  14:11  Supply Depot  
  105  14:12  Marine, SCV  
  105  14:14  SCV  
  105  14:15  Terran Vehicle Weapons Level 2  
  110  14:21  SCV  
  110  14:23  SCV  
  105  14:25  Terran Vehicle And Ship Armor Level 2, Marine  
  105  14:27  Marine  
  105  14:29  Marine  
  94  14:33  Marine, Raven  
  86  14:43  Marauder  
  86  14:45  Marine  
  86  14:47  Marine  
  86  14:50  Medivac  
  86  14:52  Marauder  
  87  15:03  Marine  
  87  15:04  Marine  
  87  15:05  Marine  
  90  15:11  Missile Turret  
  90  15:13  Marauder  
  92  15:15  Missile Turret  
  92  15:17  High Capacity Fuel Tanks  
  92  15:21  Marine  
  93  15:22  Marine  
  93  15:23  Marine  
  95  15:34  Marine  
  96  15:38  Bunker, Marine  
  96  15:40  Marine  
  96  15:41  Marine  
  99  15:52  Marine  
  99  15:56  Marine  
  101  15:57  Marine  
  101  15:58  Marine  
  103  16:10  Marauder  
  105  16:14  Marine  
  105  16:15  Marine, Command Center  
  105  16:16  Marine  
  108  16:31  Ghost, Terran Ship Weapons Level 2  
  108  16:32  Marine  
  110  16:34  Marauder  
  112  16:50  Building Armor, Terran Vehicle Weapons Level 3  
  112  16:54  Neosteel Frame  
  112  16:55  Marauder  
  112  17:00  Marauder  
  116  17:16  Marauder  
  118  17:27  SCV  
  118  17:29  Refinery  
  119  17:36  Siege Tank  
  122  17:39  Widow Mine  
  122  17:42  Banshee  
  127  17:46  Banshee  
  127  17:49  Missile Turret  
  130  17:55  Missile Turret  
  130  17:57  Refinery  
  128  18:08  Siege Tank, Widow Mine  
  132  18:13  Hi-Sec Auto Tracking  
  132  18:19  Bunker  
  132  18:25  Battlecruiser  
  138  18:47  Terran Vehicle And Ship Armor Level 3  
  138  19:27  Terran Ship Weapons Level 3  
  137  19:32  SCV  
  138  19:50  Command Center  
  138  20:06  SCV  
  138  20:46  Marine  
  138  20:49  Marine  
  122  20:53  Marine  
  122  20:56  Marine  
  110  21:04  Marine, Refinery  
  110  21:07  Marine  
  110  21:11  Marine  
  113  21:14  Marine  
  113  21:17  Missile Turret  
  114  21:22  Marine  
  114  21:25  Marine  
  115  21:28  Marine  
  115  21:31  Marine  
  118  21:34  Missile Turret  
  118  21:37  Refinery  
  118  21:40  Marine  
  118  21:43  Marine  
  118  21:46  Marine  
  121  21:49  Marine  
  122  21:57  Bunker  
  122  21:58  Marine  
  122  22:01  Marine  
  124  22:04  Marine  
  124  22:07  Marine  
  126  22:16  Marauder  
  126  22:19  Marine  
  126  22:22  Marine  
  130  22:25  Marine  
  131  22:36  Ghost  
  131  22:37  Ghost  
  137  23:05  Marauder  
  137  23:06  Marauder  
  139  23:14  Command Center  
  141  23:27  Marauder  
  141  24:36  Cyclone  
  144  24:40  Cyclone  
  144  24:43  Refinery  
  147  24:57  Missile Turret  
  147  24:59  Refinery  
  147  25:08  Thor  
  153  28:01  Viking  
  155  28:08  Viking  
  157  28:18  Supply Depot  
  157  28:31  Viking  
  159  28:38  Viking  
  161  28:44  Liberator  
  164  29:08  Battlecruiser  
  170  29:40  Weapon Refit  
  170  29:44  Viking  
  172  29:55  Liberator  
  172  30:13  Advanced Ballistics  
  175  30:14  Viking  
  177  30:41  Command Center  
  177  31:18  Hellion  
  179  31:21  Hellion  
  181  31:39  Siege Tank  
  184  31:42  Siege Tank  
  187  32:03  Refinery  
  187  32:11  Siege Tank  
  187  32:14  Hellion  
  192  32:32  Refinery  
  195  32:43  Hellion  
  197  33:01  Missile Turret  
Show
View Real Time Build Order
Export as new Build Order

SI 5 (Trudna) Terran - Winner!

Build Orders: MMM Bio 

Get SALT Encoding   

  12  0:01  SCV  
  13  0:13  SCV  
  14  0:20  Supply Depot  
  14  0:25  SCV  
  15  0:41  SCV  
  16  0:46  Barracks  
  16  0:48  Refinery  
  16  0:53  SCV  
  17  1:05  SCV  
  18  1:17  SCV  
  19  1:20  Supply Depot  
  19  1:30  SCV  
  20  1:33  Marine  
  21  1:41  Barracks  
  21  1:42  Orbital Command  
  21  1:48  Refinery  
  21  1:52  Barracks Tech Lab  
  21  2:07  Supply Depot  
  21  2:09  Marine  
  22  2:27  Marine  
  23  2:32  Marine  
  24  2:39  Supply Depot  
  24  2:45  Marine  
  25  2:52  Marine  
  26  3:03  Marine  
  27  3:12  Marine  
  28  3:13  Supply Depot, SCV  
  29  3:22  Marine  
  29  3:25  SCV  
  31  3:30  Engineering Bay  
  31  3:32  Marine  
  32  3:37  SCV  
  33  3:43  Marauder  
  35  3:49  SCV  
  36  4:02  SCV  
  37  4:04  Marauder  
  39  4:14  SCV  
  40  4:26  Marauder  
  40  4:29  SCV  
  42  4:47  Marauder  
  44  5:08  Marauder  
  46  5:30  Marauder  
  48  6:27  Barracks Tech Lab  
  48  6:30  Factory, Stimpack, Reaper  
  48  6:31  Terran Infantry Weapons Level 1  
  49  6:33  Factory  
  49  6:37  Supply Depot, Command Center  
  49  6:39  Missile Turret  
  49  6:43  Missile Turret  
  49  6:45  Combat Shields  
  49  6:46  Barracks, Marine  
  50  7:01  Marine  
  50  7:04  Reaper  
  50  7:06  Bunker  
  42  7:11  Sensor Tower  
  32  7:17  Starport  
  32  7:19  Marine  
  33  7:23  Starport, Factory Tech Lab  
  33  7:24  Factory Tech Lab  
  33  7:36  Marauder  
  33  7:38  Marauder  
  33  7:43  Marine  
  36  7:50  SCV  
  37  7:52  SCV  
  37  7:57  Marine  
  39  7:58  Marine  
  39  7:59  Refinery  
  39  8:02  Missile Turret, SCV  
  39  8:04  Marine, SCV  
  39  8:05  Missile Turret  
  43  8:07  Armory  
  43  8:10  Refinery, Starport Tech Lab x2  
  43  8:15  SCV  
  43  8:16  Marine, SCV  
  43  8:17  Marine  
  47  8:23  Barracks Reactor  
  47  8:25  Terran Infantry Armor Level 1  
  48  8:27  SCV  
  48  8:28  SCV  
  48  8:29  Bunker, Raven  
  48  8:31  Raven  
  53  8:35  Concussive Shells, Marine, Marauder  
  53  8:39  SCV  
  53  8:40  SCV  
  58  8:51  SCV  
  58  8:53  SCV  
  58  8:54  Marauder  
  61  8:56  Marauder  
  61  9:01  Marine  
  64  9:03  SCV  
  64  9:05  SCV  
  64  9:07  Marine  
  64  9:09  Supply Depot  
  67  9:15  SCV  
  68  9:17  Marauder  
  70  10:40  Siege Tank  
  70  10:41  Medivac x2  
  77  10:46  Cyclone  
  77  10:47  Ghost Academy  
  77  10:49  Supply Depot  
  80  10:54  Liberator  
  80  10:55  Engineering Bay, Command Center  
  80  11:05  Terran Infantry Weapons Level 2  
  80  11:11  Medivac  
  80  11:13  Siege Tank  
  80  11:14  Supply Depot  
  86  11:19  Cyclone  
  87  11:25  Ghost  
  87  11:32  Ghost  
  91  11:37  Liberator  
  91  11:39  Supply Depot  
  91  11:40  Terran Infantry Armor Level 2  
  91  11:41  Raven  
  93  11:49  Terran Vehicle Weapons Level 1  
  96  12:04  Supply Depot  
  96  12:10  SCV  
  96  12:11  SCV  
  96  12:13  SCV  
  99  12:22  SCV  
  100  12:24  Refinery, SCV, Raven  
  100  12:25  SCV  
  100  12:27  Missile Turret  
  104  12:33  Missile Turret  
  104  12:34  SCV  
  104  12:36  Refinery, SCV  
  106  12:38  SCV  
  106  12:41  Fusion Core  
  107  12:46  Armory, SCV  
  107  12:48  SCV  
  107  12:50  SCV  
  110  12:57  Bunker  
  110  12:58  SCV  
  111  13:00  SCV  
  111  13:01  Command Center  
  111  13:02  SCV  
  113  13:10  SCV  
  114  13:33  Terran Vehicle And Ship Armor Level 1  
  114  13:44  Terran Ship Weapons Level 1  
  114  14:11  Liberator  
  114  14:14  SCV  
  114  14:16  SCV  
  116  14:17  SCV  
  116  14:19  SCV  
  118  14:26  Refinery  
  118  14:30  Missile Turret  
  113  14:32  Missile Turret  
  113  14:33  Refinery  
  113  14:34  Marine  
  113  14:37  Marine  
  107  14:40  Cyclone  
  107  14:41  Marine  
  107  14:44  Marine, Advanced Ballistics  
  97  14:45  Terran Infantry Weapons Level 3  
  97  14:46  Terran Infantry Armor Level 3  
  97  14:47  Supply Depot  
  97  14:52  Marine  
  89  14:55  Marine  
  89  14:59  Marine  
  81  15:02  Marine  
  81  15:06  SCV  
  82  15:10  Marine  
  82  15:12  Marine  
  84  15:17  Marine  
  84  15:18  Raven  
  84  15:20  Marine  
  88  15:27  Terran Vehicle Weapons Level 2, Marine, Bunker  
  89  15:30  Marine  
  89  15:32  Raven  
  89  15:35  Marine  
  93  15:37  Terran Vehicle And Ship Armor Level 2, Marine  
  94  15:45  Marine  
  94  15:48  Marine  
  96  15:53  Marine  
  96  15:55  Marine  
  98  16:03  Marine  
  99  16:06  Marauder  
  99  16:10  Marine  
  102  16:13  Marine  
  103  16:21  Ghost  
  105  16:28  Marine, Marauder  
  105  16:31  Marine  
  109  16:42  High Capacity Fuel Tanks  
  109  16:46  Marine  
  110  16:49  Marauder  
  110  16:50  Marine, Marauder  
  115  17:11  Ghost, Marauder  
  119  17:17  Command Center  
  119  17:28  Building Armor, Neosteel Frame  
  119  17:32  Marauder  
  121  17:40  Marauder  
  121  17:42  Terran Ship Weapons Level 2  
  123  17:53  Terran Vehicle Weapons Level 3, Marauder  
  125  18:00  Siege Tank  
  125  18:03  Siege Tank  
  131  18:32  Siege Tank  
  131  18:34  Marine, Refinery  
  124  18:35  Cyclone  
  124  18:36  Marine  
  124  18:39  Marine  
  127  18:47  Hi-Sec Auto Tracking  
  127  19:01  Missile Turret  
  127  19:16  SCV  
  127  19:21  Missile Turret  
  124  19:39  Refinery  
  124  19:43  Marine  
  124  19:44  Bunker  
  124  19:45  Marine  
  124  19:58  Terran Vehicle And Ship Armor Level 3, SCV  
  124  20:31  Terran Ship Weapons Level 3  
  124  20:55  Command Center  
  124  21:28  Viking  
  124  21:32  Widow Mine  
  126  21:35  Supply Depot  
  126  21:37  Thor  
  134  21:42  Viking  
  136  21:58  Banshee  
  139  22:01  Siege Tank  
  142  22:12  Viking  
  144  22:19  Widow Mine  
  146  22:28  Refinery  
  146  22:33  Thor  
  152  22:41  Missile Turret, Viking, Banshee  
  157  22:51  Missile Turret  
  157  22:53  Refinery  
  157  23:15  Bunker  
  157  24:38  Command Center  
  157  25:04  Marauder  
  157  25:07  Marauder  
  161  25:12  Supply Depot  
  161  25:25  Marauder  
  161  25:28  Marauder  
  165  25:46  Marauder  
  165  25:49  Marauder  
  169  25:56  Refinery  
  169  26:03  Missile Turret  
  169  26:08  Missile Turret, Marauder  
  169  26:10  Refinery  
  169  26:11  Marauder  
  173  26:32  Bunker  
  173  28:54  Liberator  
  176  29:19  Battlecruiser  
  182  29:54  Banshee  
  185  30:18  Cloaking Field, Hyperflight Rotors  
  185  30:23  Banshee  
  188  30:37  Battlecruiser  
  188  30:40  Weapon Refit  
  194  30:49  Liberator  
Tags
 
Add a new tag
Caveats
  • Supply blocks, unpowered buildings, or Contaminate may cause inaccurate times.
  • Supply counts are checked every 10 seconds.